 Dungeon Crawl Stone Soup version 0.30-a0-618-gd6c86c23d0 (webtiles) character file.

Game seed: 3556171243313142342

49 Leeroy the Ruffian (level 3, -7/28 HPs)
             Began as a Draconian Transmuter on Jan 9, 2023.
             Mangled by a worm (8 damage)
             ... on level 2 of the Dungeon.
             The game lasted 00:01:06 (1090 turns).

Leeroy the Ruffian (Draconian Transmuter)           Turns: 1090, Time: 00:01:07

Health: -7/28      AC:  5    Str: 14    XL:     3   Next: 53%
Magic:  6/6        EV: 12    Int: 13    God:
Gold:   78         SH:  0    Dex: 11    Spells: 5/6 levels left

rFire   . . .      SeeInvis .      - Unarmed
rCold   . . .      Faith    .    (no shield)
rNeg    . . .      Spirit   .    (body armour unavailable)
rPois   .          Reflect  .    (helmet restricted)
rElec   .          Harm     .    (no cloak)
rCorr   .          Rampage  .    (no gloves)
Will    .....                    (no boots)
Stlth   +                        f - amulet of the acrobat
HPRegen 0.24/turn                (no ring)
MPRegen 0.10/turn                (no ring)

@: slowed, very slow
A: AC +5, unfitting armour, cold-blooded
a: no special abilities


You were on level 2 of the Dungeon.
You visited 1 branch of the dungeon, and saw 2 of its levels.

You collected 78 gold pieces.

Inventory:

Jewellery
 f - an amulet of the acrobat (around neck)
 i - a ring of fire
Scrolls
 b - a scroll of teleportation {unknown}
 c - a scroll of fog {unknown}
 g - a scroll of butterflies {unknown}
 h - a scroll of vulnerability {unknown}
Potions
 a - a potion of lignification
 d - 2 potions of curing {unknown}
 e - a potion of magic {unknown}


   Skills:
 - Level 1.1 Fighting
 - Level 1.7 Dodging
 + Level 4.6 Unarmed Combat
 - Level 2.0 Spellcasting
 - Level 2.0 Transmutations


You had 5 spell levels left.
You knew the following spells:

 Your Spells              Type           Power      Damage    Failure   Level
a - Beastly Appendage     Tmut           12%        N/A       11%         1

Your spell library contained the following spells:

 Spells                   Type           Power      Damage    Failure   Level
 Wereblood                Tmut           6%         N/A       17%         2
 Spider Form              Tmut/Pois      3%         N/A       45%         3
 Ice Form                 Ice/Tmut       3%         N/A       86%         4


Dungeon Overview and Level Annotations

Branches:
Dungeon (2/15)

Altars:
Yredelemnul


Innate Abilities, Weirdness & Mutations

Your plain brown scales are hard. (AC +5)
You cannot fit into any form of body armour.
You are cold-blooded and may be slowed by cold attacks.


Message History

You barely miss the worm. You tail-slap the worm.
The worm is moderately wounded.
The worm closely misses you.
You hit the worm. You tail-slap the worm.
The worm is heavily wounded.
The endoplasm freezes you.
You are frozen.
You hit the worm. You tail-slap the worm.
The worm is severely wounded.
The endoplasm hits you. The worm barely misses you.
You hit the worm.
The worm is almost dead.
The endoplasm freezes you.
You are frozen.
You feel yourself slow down.
You barely miss the worm.
The worm is almost dead.
The endoplasm barely misses you. The worm barely misses you.
You barely miss the worm.
Your tail-slap misses the worm.
Your punch misses the worm.
The worm is almost dead.
The endoplasm freezes you.
You are frozen.
The endoplasm freezes you.
You are frozen.
You feel as though you will be slow longer.
The worm bites you!
* * * LOW HITPOINT WARNING * * *
You are too injured to fight recklessly!
You are too injured to fight recklessly!
You are too injured to fight recklessly!
You are too injured to fight recklessly!
You are too injured to fight recklessly!
You barely miss the worm.
The worm is almost dead.
The endoplasm freezes you.
You are frozen.
* * * LOW HITPOINT WARNING * * *
You feel as though you will be slow longer.
The worm bites you!
You die...

#.#.####.##.###...#####
#.#....#.##....#### #
####.#'#####....## #
#.........##..####
#######.........###...##
................#.......
#######.........#.......
+.....#.........#.......
#..@J.....###.......
<......w......# #.......
######........# #.......
+........# #.......
#........# #.......
#........# #.......
#........# ########
#........#


You could see a worm and an endoplasm.

Vanquished Creatures
  A worm (D:2)
  6 endoplasms
  2 giant cockroaches (D:1)
  7 goblins
  4 hobgoblins
  4 jackals (D:1)
  A quokka (D:1)
  2 ball pythons
  4 bats
  3 frilled lizards
  4 kobolds
  3 rats
41 creatures vanquished.

Notes
Turn   | Place    | Note
-------+----------+-------------------------------------------
     0 | D:1      | Leeroy the Draconian Transmuter began the quest for the
                  | Orb.
     0 | D:1      | Reached XP level 1. HP: 16/16 MP: 3/3
    87 | D:1      | Reached XP level 2. HP: 22/23 MP: 5/5
   220 | D:1      | Reached skill level 4 in Unarmed Combat
   425 | D:1      | Found a faded altar of an unknown god.
   688 | D:2      | Reached XP level 3. HP: 28/28 MP: 6/6
   858 | D:2      | Found a basalt altar of Yredelemnul.
  1090 | D:2      | HP: 1/28 [frozen (2)]
  1090 | D:2      | Mangled by a worm

Illustrated notes

Levels and vault maps discovered:
D:1:      minmay_arrival_loop, layout_basic,
          chequers_ecumenical_altar_simple_redux, minmay_three_crescents
D:2:      layout_basic, basic_altar, uniq_terence

Skill      XL: |  1  2 |
---------------+-------+-----
Unarmed Combat | 4 |  4.6
Fighting       | |  1.1
Dodging        | |  1.7
Spellcasting   | |  2.0
Transmutations | |  2.0

Action                   || total
-------------------------++-------
Melee: Unarmed           ||   142
       Tailslap          ||    21
       Punch             ||     5
 Stab: Sleeping          ||     2
Armor: Skin              ||    34
Dodge: Dodged            ||    92

Table legend: (Time is in decaauts)
 A = Elapsed time spent in this place.
 B = Non-inter-level travel time spent in this place.
 C = Inter-level travel time spent in this place.
 D = Time resting spent in this place.
 E = Time spent auto-exploring this place.
 F = Levels seen in this place.
 G = Mean time per level.
                   A        B        C        D        E       F      G
               +--------+--------+--------+--------+--------+-----+--------+
         Total |   1083 |   1056 |     27 |      0 |    796 |   2 |  541.5 |
       Dungeon |   1083 |   1056 |     27 |      0 |    796 |   2 |  541.5 |
               +--------+--------+--------+--------+--------+-----+--------+

Top non-repeatable levels by time:
     D:1: 677 daAuts
     D:2: 406 daAuts
